3AA
BILLINGS POLAR BEARS @ OTTAWA NATIONALS
09/13/2025
 
TOP OF THE 1ST
Billings Polar Bears batting - Pitching for Ottawa Nationals : RHP Pedro Romero
Pitching: RHP Pedro Romero
Batting: RHB Jorge Díaz 0-0: Ball
1-0: Called Strike
1-1: Ground out 5-3 (Groundball, 5)
Batting: RHB Pierre Bernard 0-0: Fly out, F2 (Popup, 2L)
Batting: RHB Miguel Rodríguez 0-0: Ball
1-0: Called Strike
1-1: Ball
2-1: Ball
3-1: Base on Balls
Batting: LHB Felipe Trujillo 0-0: Swinging Strike
0-1: Ball
1-1: Called Strike
1-2: Fly out, F8 (Flyball, 8LS)
Top of the 1st over - 0 run(s), 0 hit(s), 0 error(s), 1 left on base; Billings 0 - Ottawa 0
BOTTOM OF THE 1ST
Ottawa Nationals batting - Pitching for Billings Polar Bears : RHP Tim Cross
Pitching: RHP Tim Cross
Batting: RHB Howard Fewell 0-0: Ball
1-0: Ball
2-0: Ball
3-0: Called Strike
3-1: Base on Balls
Batting: RHB Felipe Gonzáles 0-0: Ball
1-0: Called Strike
Howard Fewell steals 2nd base
1-1: Foul Ball, location: 2F
1-2: SINGLE (Groundball, 6MD)
Howard Fewell to third
Runner from 3rd tries for Home, throw and OUT!
Batting: RHB Wei-qiang Mo 0-0: Ball
1-0: Called Strike
1-1: SINGLE (Groundball, 6MD)
Felipe Gonzáles to second
Batting: RHB Alfredo Cardenas 0-0: Ball
1-0: Ball
2-0: Foul Ball, location: 2F
2-1: Foul Ball, location: 2F
2-2: Ball
3-2: Strikes out swinging
Batting: LHB Manuel Sánchez 0-0: Called Strike
0-1: Ball
1-1: Ball
2-1: SINGLE (Line Drive, 7LS)
Felipe Gonzáles to third
Wei-qiang Mo to second
Batting: SHB Martín Marrero 0-0: Ball
1-0: Foul Ball, location: 2F
1-1: Swinging Strike
1-2: Ball
2-2: Ball
3-2: Base on Balls
Felipe Gonzáles scores
Wei-qiang Mo to third
Manuel Sánchez to second
Batting: RHB Michael Peterson 0-0: Ball
1-0: Called Strike
1-1: Ball
2-1: Foul Ball, location: 2F
2-2: Fly out, F5 (Line Drive, 56)
Bottom of the 1st over - 1 run(s), 3 hit(s), 0 error(s), 3 left on base; Billings 0 - Ottawa 1
TOP OF THE 2ND
Billings Polar Bears batting - Pitching for Ottawa Nationals : RHP Pedro Romero
Batting: RHB Fokke Willemsen 0-0: Fly out, F9 (Flyball, 89D)
Batting: RHB Lúcio Marín 0-0: Ball
1-0: Swinging Strike
1-1: Ball
2-1: Foul Ball, location: 2F
2-2: Fly out, F8 (Flyball, 8LM)
Batting: SHB Carlos Schultz 0-0: Ground out 6-3 (Groundball, 56)
Top of the 2nd over - 0 run(s), 0 hit(s), 0 error(s), 0 left on base; Billings 0 - Ottawa 1
BOTTOM OF THE 2ND
Ottawa Nationals batting - Pitching for Billings Polar Bears : RHP Tim Cross
Batting: RHB Warren Martin 0-0: Ball
1-0: Ball
2-0: Ball
3-0: Called Strike
3-1: Base on Balls
Batting: RHB Barry Welch 0-0: Ball
1-0: Ball
2-0: Called Strike
2-1: Ball
3-1: Fly out, F8 (Line Drive, 8LS)
Batting: RHB Howard Fewell 0-0: Called Strike
0-1: Ball
1-1: Ground out 6-3 (Groundball, 6S)
Warren Martin to second
Batting: RHB Felipe Gonzáles 0-0: Swinging Strike
0-1: Ball
1-1: Ball
2-1: Reached on error, E6 (Popup, 6D)
Warren Martin to third
Batting: RHB Wei-qiang Mo 0-0: Fly out, F8 (Flyball, 78M)
Bottom of the 2nd over - 0 run(s), 0 hit(s), 1 error(s), 2 left on base; Billings 0 - Ottawa 1
TOP OF THE 3RD
Billings Polar Bears batting - Pitching for Ottawa Nationals : RHP Pedro Romero
Batting: RHB Nathan Landrum 0-0: Called Strike
0-1: Swinging Strike
0-2: Strikes out swinging
Batting: RHB José Machado 0-0: Ball
1-0: Foul Ball, location: 2F
1-1: Ball
2-1: Foul Ball, location: 2F
2-2: Foul Ball, location: 2F
2-2: Foul Ball, location: 2F
2-2: Ball
3-2: Fly out, F2 (Popup, 13S)
Batting: RHB Jorge Díaz 0-0: Swinging Strike
0-1: Fly out, F7 (Line Drive, 7LS)
Top of the 3rd over - 0 run(s), 0 hit(s), 0 error(s), 0 left on base; Billings 0 - Ottawa 1
BOTTOM OF THE 3RD
Ottawa Nationals batting - Pitching for Billings Polar Bears : RHP Tim Cross
Batting: RHB Alfredo Cardenas 0-0: Ball
1-0: Fly out, F8 (Flyball, 8RD)
Batting: LHB Manuel Sánchez 0-0: Called Strike
0-1: Called Strike
0-2: Foul Ball, location: 2F
0-2: Ball
1-2: Foul Ball, location: 2F
1-2: Foul Ball, location: 2F
1-2: Ball
2-2: Foul Ball, location: 2F
2-2: Ball
3-2: Base on Balls
Batting: SHB Martín Marrero 0-0: Ball
1-0: Called Strike
1-1: Foul Ball, location: 2F
1-2: Foul Ball, location: 2F
1-2: Foul Ball, location: 2F
1-2: Grounds into double play, 1-6-3 (Groundball, P)
Bottom of the 3rd over - 0 run(s), 0 hit(s), 0 error(s), 0 left on base; Billings 0 - Ottawa 1
TOP OF THE 4TH
Billings Polar Bears batting - Pitching for Ottawa Nationals : RHP Pedro Romero
Batting: RHB Pierre Bernard 0-0: Called Strike
0-1: Ball
1-1: Ball
2-1: Ball
3-1: Foul Ball, location: 2F
3-2: Base on Balls
Batting: RHB Miguel Rodríguez 0-0: Ball
Wild Pitch!
Pierre Bernard to second
1-0: Ball
2-0: Ball
3-0: Called Strike
3-1: Fly out, F8 (Flyball, 8RS)
Batting: LHB Felipe Trujillo 0-0: Ball
1-0: Ball
2-0: Ball
3-0: Called Strike
3-1: Base on Balls
Batting: RHB Fokke Willemsen 0-0: Ball
1-0: Ball
2-0: SINGLE (Flyball, 9LM)
Pierre Bernard to third
Felipe Trujillo to second
Runner from 3rd tries for Home, SAFE, no throw
Batting: RHB Lúcio Marín 0-0: Foul Ball, location: 2F
0-1: Ball
1-1: Called Strike
1-2: Ball
2-2: Ball
3-2: Foul Ball, location: 2F
3-2: Foul Ball, location: 2F
3-2: Foul Ball, location: 2F
3-2: Foul Ball, location: 2F
3-2: Base on Balls
Felipe Trujillo to third
Fokke Willemsen to second
Batting: SHB Carlos Schultz 0-0: Swinging Strike
0-1: Ball
1-1: Ball
2-1: Called Strike
2-2: Ball
3-2: Foul Ball, location: 2F
3-2: SINGLE (Groundball, 34S) (infield hit)
Felipe Trujillo scores
Fokke Willemsen to third
Lúcio Marín to second
Batting: RHB Nathan Landrum 0-0: Foul Ball, location: 2F
0-1: Foul Ball, location: 2F
0-2: Ball
1-2: Ball
2-2: Foul Ball, location: 2F
2-2: Ball
3-2: Base on Balls
Fokke Willemsen scores
Lúcio Marín to third
Carlos Schultz to second
Batting: RHB José Machado 0-0: Fly out, F9 (Flyball, 9)
Runner from 3rd tags up, SCORES, throw made
Batting: RHB Jorge Díaz 0-0: Ball
1-0: Fly out, F4 (Popup, 4)
Top of the 4th over - 4 run(s), 2 hit(s), 0 error(s), 2 left on base; Billings 4 - Ottawa 1
BOTTOM OF THE 4TH
Ottawa Nationals batting - Pitching for Billings Polar Bears : RHP Tim Cross
Batting: RHB Michael Peterson 0-0: SINGLE (Groundball, 34D)
Batting: RHB Warren Martin 0-0: Called Strike
Michael Peterson steals 2nd base
0-1: Ball
1-1: Ground out 5-3 (Groundball, 56)
Batting: RHB Barry Welch 0-0: Swinging Strike
0-1: Ball
1-1: Ball
2-1: Called Strike
2-2: Fly out, F6 (Popup, 6D)
Batting: RHB Howard Fewell 0-0: Foul Ball, location: 2F
0-1: Ball
1-1: Swinging Strike
1-2: Ground out 6-3 (Groundball, 6)
Bottom of the 4th over - 0 run(s), 1 hit(s), 0 error(s), 1 left on base; Billings 4 - Ottawa 1
TOP OF THE 5TH
Billings Polar Bears batting - Pitching for Ottawa Nationals : RHP Pedro Romero
Batting: RHB Pierre Bernard 0-0: Ball
1-0: Ground out 6-3 (Groundball, 6M)
Batting: RHB Miguel Rodríguez 0-0: Ball
1-0: Foul Ball, location: 2F
1-1: Foul Ball, location: 2F
1-2: Ball
2-2: Ball
3-2: Base on Balls
Batting: LHB Felipe Trujillo 0-0: Called Strike
0-1: Ground out U3 (Groundball, 3)
Miguel Rodríguez to second
Batting: RHB Fokke Willemsen 0-0: Swinging Strike
0-1: Fly out, F1 (Line Drive, 13S)
Top of the 5th over - 0 run(s), 0 hit(s), 0 error(s), 1 left on base; Billings 4 - Ottawa 1
BOTTOM OF THE 5TH
Ottawa Nationals batting - Pitching for Billings Polar Bears : RHP Tim Cross
Batting: RHB Felipe Gonzáles 0-0: Fly out, F8 (Flyball, 89M)
Batting: RHB Wei-qiang Mo 0-0: SINGLE (Line Drive, 8LS)
Batting: RHB Alfredo Cardenas 0-0: Called Strike
Wei-qiang Mo steals 2nd base
0-1: Called Strike
Wei-qiang Mo steals 3rd base
0-2: SINGLE (Line Drive, 6D)
Wei-qiang Mo scores
Pitching: LHP Santiago Carrión
Batting: LHB Manuel Sánchez 0-0: Ball
Alfredo Cardenas steals 2nd base
1-0: Fly out, F7 (Flyball, 7S)
Batting: SHB Martín Marrero 0-0: Called Strike
0-1: Ball
1-1: Ball
2-1: Ball
3-1: Base on Balls
Batting: RHB Michael Peterson 0-0: Called Strike
0-1: Called Strike
0-2: Strikes out swinging
Bottom of the 5th over - 1 run(s), 2 hit(s), 0 error(s), 2 left on base; Billings 4 - Ottawa 2
TOP OF THE 6TH
Billings Polar Bears batting - Pitching for Ottawa Nationals : RHP Pedro Romero
Batting: RHB Lúcio Marín 0-0: Ground out 6-3 (Groundball, 6)
Batting: SHB Carlos Schultz 0-0: Foul Ball, location: 2F
0-1: Ball
1-1: Foul Ball, location: 2F
1-2: Ball
2-2: Ground out 4-3 (Groundball, 4)
Batting: RHB Nathan Landrum 0-0: Called Strike
0-1: Ball
1-1: Foul Ball, location: 2F
1-2: Foul Ball, location: 2F
1-2: Ground out 5-3 (Groundball, 5)
Top of the 6th over - 0 run(s), 0 hit(s), 0 error(s), 0 left on base; Billings 4 - Ottawa 2
BOTTOM OF THE 6TH
Ottawa Nationals batting - Pitching for Billings Polar Bears : LHP Santiago Carrión
Batting: RHB Warren Martin 0-0: Called Strike
0-1: Ball
1-1: Fly out, F8 (Flyball, 89M)
Batting: RHB Barry Welch 0-0: Ball
1-0: Ground out 6-3 (Groundball, 6M)
Batting: RHB Howard Fewell 0-0: Called Strike
0-1: Ball
1-1: Called Strike
1-2: Ball
2-2: Foul Ball, location: 2F
2-2: Foul Ball, location: 2F
2-2: Strikes out swinging
Bottom of the 6th over - 0 run(s), 0 hit(s), 0 error(s), 0 left on base; Billings 4 - Ottawa 2
TOP OF THE 7TH
Billings Polar Bears batting - Pitching for Ottawa Nationals : RHP Pedro Romero
Batting: RHB José Machado 0-0: Called Strike
0-1: Called Strike
0-2: Fly out, F8 (Flyball, 8LS)
Pitching: RHP Neal Davis
Batting: RHB Jorge Díaz 0-0: Ball
1-0: Ball
2-0: Called Strike
2-1: Foul Ball, location: 2F
2-2: Strikes out swinging
Batting: RHB Pierre Bernard 0-0: Swinging Strike
0-1: Ground out 4-3 (Groundball, 4)
Top of the 7th over - 0 run(s), 0 hit(s), 0 error(s), 0 left on base; Billings 4 - Ottawa 2
BOTTOM OF THE 7TH
Ottawa Nationals batting - Pitching for Billings Polar Bears : LHP Santiago Carrión
Batting: RHB Felipe Gonzáles 0-0: Ball
1-0: Called Strike
1-1: Foul Ball, location: 2F
1-2: Ball
2-2: Strikes out swinging
Batting: RHB Wei-qiang Mo 0-0: Ball
1-0: Fly out, F8 (Flyball, 89M)
Batting: RHB Alfredo Cardenas 0-0: Called Strike
0-1: Ball
1-1: Ground out 1-3 (Groundball, 15S)
Bottom of the 7th over - 0 run(s), 0 hit(s), 0 error(s), 0 left on base; Billings 4 - Ottawa 2
TOP OF THE 8TH
Billings Polar Bears batting - Pitching for Ottawa Nationals : RHP Neal Davis
Batting: RHB Miguel Rodríguez 0-0: Ball
1-0: Fly out, F8 (Flyball, 8RS)
Batting: LHB Felipe Trujillo 0-0: Called Strike
0-1: Foul Ball, location: 2F
0-2: Ball
1-2: Ball
2-2: Foul Ball, location: 2F
2-2: Foul Ball, location: 2F
2-2: Foul Ball, location: 2F
2-2: SINGLE (Line Drive, 89S)
Batting: RHB Fokke Willemsen 0-0: 2-RUN HOME RUN (Flyball, 7LD), Distance : 350 ft
Batting: RHB Lúcio Marín 0-0: Ball
1-0: Ground out 6-3 (Groundball, 6)
Batting: SHB Carlos Schultz 0-0: Foul Ball, location: 2F
0-1: Ball
1-1: Swinging Strike
1-2: SINGLE (Flyball, 4MD)
Batting: RHB Nathan Landrum 0-0: Ball
1-0: Ball
2-0: Foul Ball, location: 2F
2-1: Called Strike
2-2: Foul Ball, location: 2F
2-2: Strikes out swinging
Top of the 8th over - 2 run(s), 3 hit(s), 0 error(s), 1 left on base; Billings 6 - Ottawa 2
BOTTOM OF THE 8TH
Ottawa Nationals batting - Pitching for Billings Polar Bears : LHP Santiago Carrión
Pitching: RHP José Maestas
Batting: LHB Manuel Sánchez 0-0: Fly out, F8 (Flyball, 8RM)
Batting: SHB Martín Marrero 0-0: Swinging Strike
0-1: Ball
1-1: Ball
2-1: Ground out 4-3 (Groundball, 4)
Batting: RHB Michael Peterson 0-0: Swinging Strike
0-1: Called Strike
0-2: Ball
1-2: Strikes out swinging
Bottom of the 8th over - 0 run(s), 0 hit(s), 0 error(s), 0 left on base; Billings 6 - Ottawa 2
TOP OF THE 9TH
Billings Polar Bears batting - Pitching for Ottawa Nationals : RHP Neal Davis
Batting: RHB José Machado 0-0: Foul Ball, location: 2F
0-1: Called Strike
0-2: Ball
1-2: Ball
2-2: Ball
3-2: Strikes out looking
Pitching: RHP Leão Barro
Batting: RHB Jorge Díaz 0-0: Ground out 6-3 (Groundball, 6S)
Batting: RHB Pierre Bernard 0-0: Fly out, F7 (Flyball, 7)
Top of the 9th over - 0 run(s), 0 hit(s), 0 error(s), 0 left on base; Billings 6 - Ottawa 2
BOTTOM OF THE 9TH
Ottawa Nationals batting - Pitching for Billings Polar Bears : RHP José Maestas
Batting: RHB Warren Martin 0-0: Ball
1-0: Fly out, F6 (Line Drive, 6)
Batting: RHB Barry Welch 0-0: Ball
1-0: Ball
2-0: Foul Ball, location: 2F
2-1: SINGLE (Groundball, 6MD)
Batting: RHB Howard Fewell 0-0: Ball
1-0: Ball
2-0: Grounds into double play, 5-4-3 (Groundball, 56)
Bottom of the 9th over - 0 run(s), 1 hit(s), 0 error(s), 0 left on base; Billings 6 - Ottawa 2
Friday, December 30th, 2016 - OOTP Baseball 17.12 Build 75